 Dungeon Crawl Stone Soup version 0.31-a0-180-g519b7de00c (webtiles) character file.

Game seed: 15877168025200476559

2775 rabbitsville the Destroyer (level 9, -12/62 HPs)
             Began as a Demigod Conjurer on June 20, 2023.
             Shot with a sling bullet by Joseph (14 damage)
             ... on level 7 of the Dungeon.
             The game lasted 00:17:30 (6746 turns).

rabbitsville the Destroyer (Demigod Conjurer)       Turns: 6746, Time: 00:17:30

Health: -12/62     AC:  6    Str: 12    XL:     9   Next: 19%
Magic:  20/25      EV: 12    Int: 34    God:
Gold:   143        SH:  0    Dex: 12    Spells: 20/23 levels left

rFire   . . .        g - +2 whip (freeze)
rCold   + . .        (no shield)
rNeg    . . .        r - +2 robe {rC+}
rPois   .            (no helmet)
rElec   .            (no cloak)
rCorr   .            k - +1 pair of gloves
SInv    .            (no boots)
Will    .....        l - amulet of magic regeneration
Stlth   ++           o - +6 ring of intelligence
HPRegen 0.30/turn    (no ring)
MPRegen 0.59/turn

%: no passive effects
@: no status effects
A: high MP 1, forlorn, divine attributes
a: no special abilities


You were on level 7 of the Dungeon.
You visited 1 branch of the dungeon, and saw 7 of its levels.

You collected 563 gold pieces.
You spent 420 gold pieces at shops.

Inventory:

Hand Weapons
 c - a +0 dagger of flaming
 g - a +2 whip of freezing (weapon)
Armour
 a - a +0 robe
 k - a +1 pair of gloves (worn)
 r - a +2 robe of cold resistance (worn)
Jewellery
 l - an amulet of magic regeneration (around neck)
 o - a +6 ring of intelligence (left hand)
Wands
 n - a wand of roots (6)
Scrolls
 e - 4 scrolls of teleportation
 v - 2 scrolls of fog {unknown}
 w - a scroll of vulnerability {unknown}
Potions
 b - a potion of magic
 d - 2 potions of brilliance {unknown}
 f - a potion of curing
 h - a potion of invisibility {unknown}
 i - 2 potions of heal wounds {unknown}
 j - 2 potions of enlightenment {unknown}
 m - 2 potions of berserk rage {unknown}
 p - a potion of degeneration {unknown}
 q - a potion of lignification {unknown}
 s - a potion of cancellation {unknown}
 t - a potion of mutation {unknown}


   Skills:
 - Level 1.7 Dodging
 - Level 1.7 Stealth
 + Level 7.9 Spellcasting
 + Level 9.3 Conjurations


You had 20 spell levels left.
You knew the following spells:

 Your Spells              Type           Power      Damage    Failure   Level
a - Magic Dart            Conj           100%       1d8       1%          1
b - Searing Ray           Conj           100%       2d8       1%          2

Your spell library contained the following spells:

 Spells                   Type           Power      Damage    Failure   Level
 Static Discharge         Conj/Air       90%        2-6/arc   1%          2
 Dazzling Flash           Conj/Hex       90%        N/A       1%          3
 Cigotuvi's Dreadful Rot  Necr/Pois/Air  26%        N/A       4%          2
 Fulminant Prism          Conj/Hex       22%        3d12      4%          4
 Iskenderun's Mystic Bla  Conj/Tloc      45%        2d10      4%          4
 Ozocubu's Armour         Ice            13%        N/A       10%         3
 Airstrike                Air            6%         2d(1-17)  32%         4
 Dispel Undead            Necr           13%        3d9       32%         4
 Summon Lightning Spire   Summ/Air       13%        N/A       32%         4
 Metabolic Englaciation   Hex/Ice        6%         N/A       67%         5
 Death Channel            Necr           6%         N/A       99%         6
 Simulacrum               Ice/Necr       6%         N/A       99%         6


Dungeon Overview and Level Annotations

Branches:
Dungeon (7/15)             Temple (0/1) D:6

Shops:
D:1 :   D:6 *

Annotations:
D:7 Joseph


Innate Abilities, Weirdness & Mutations

You have an increased reservoir of magic. (+10% MP)
You shall have no god before yourself.
Your divine heritage dramatically boosts your attributes as you level up.


Message History

Press: ? - help, Q - select action, (/) - cycle Shift-Dir - straight line, f/p - Joseph
Aim: Joseph, wielding a +0 sling and wearing a +0 ring mail (lightly wounded, 100% to hit)
The magic dart hits Joseph.
Joseph is moderately wounded.
Joseph shoots a sling bullet.
The sling bullet misses you.
Aiming: Magic Dart (safe; 1% risk of failure)
Press: ? - help, Q - select action, (/) - cycle Shift-Dir - straight line, f/p - Joseph
Aim: Joseph, wielding a +0 sling and wearing a +0 ring mail (moderately wounded, 100% to hit)
The magic dart hits Joseph.
Joseph is moderately wounded.
You start resting.
Joseph is nearby!
Aiming: Magic Dart (safe; 1% risk of failure)
Press: ? - help, Q - select action, (/) - cycle Shift-Dir - straight line, f/p - Joseph
Aim: Joseph, wielding a +0 sling and wearing a +0 ring mail (moderately wounded, 100% to hit)
The magic dart hits Joseph.
Joseph is moderately wounded.
Joseph shoots a sling bullet.
The sling bullet hits you.
Aiming: Magic Dart (safe; 1% risk of failure)
Press: ? - help, Q - select action, (/) - cycle Shift-Dir - straight line, f/p - Joseph
Aim: Joseph, wielding a +0 sling and wearing a +0 ring mail (moderately wounded, 100% to hit)
The magic dart hits Joseph.
Joseph is heavily wounded.
You are too injured to fight recklessly!
Aiming: Searing Ray (safe; 1% risk of failure)
Press: ? - help, Q - select action, (/) - cycle Shift-Dir - straight line, f/p - Joseph
Aim: Joseph, wielding a +0 sling and wearing a +0 ring mail (heavily wounded, 85% to hit)
The searing ray hits Joseph.
Joseph is heavily wounded. (Press . to maintain the ray.) Joseph shoots a sling bullet.
The sling bullet hits you!
* * * LOW HITPOINT WARNING * * *
The searing ray hits Joseph!
Joseph is heavily wounded.
Joseph shoots a sling bullet.
The sling bullet hits you.
* * * LOW HITPOINT WARNING * * *
The searing ray hits Joseph!
Joseph is severely wounded.
Joseph shoots a sling bullet.
The sling bullet hits you!
You die...

#.......######... ##+
#...##.......#...
.f..##...##.......#...
.........#...##...#...
.......@.#...##...##..
....###'###..##....#..
... ##..[######....'..
.. #.....#........#..
@ #@....+........#..
################.. ###


You could see Joseph.

Vanquished Creatures
  Pikel (D:5)
  Sigmund (D:4)
  A steam dragon (D:7)
  Menkaure (D:5)
  2 water moccasins
  2 ogres
  A centaur (D:6)
  2 phantoms (D:7)
  2 lemures
  A gnoll sergeant (D:6)
  2 scorpions
  5 wights (D:6)
  A howler monkey (D:6)
  2 orc priests
  A gnoll bouda (D:5)
  5 hounds
  2 jellies (D:6)
  4 iguanas
  2 sleepcaps
  2 orc wizards
  9 adders
  15 gnolls
  2 shadow imps
  An ufetubus (D:5)
  2 dart slugs
  23 orcs
  5 ball pythons
  6 endoplasms
  3 giant cockroaches
  9 goblins
  7 hobgoblins
  2 quokkas (D:3)
  3 bats
  2 frilled lizards
  10 kobolds
  11 rats
150 creatures vanquished.

Notes
Turn   | Place    | Note
-------+----------+-------------------------------------------
     0 | D:1      | rabbitsville the Demigod Conjurer began the quest for the
                  | Orb.
     0 | D:1      | Reached XP level 1. HP: 14/14 MP: 5/5
   242 | D:1      | Found Fiar's Vocational Training.
   377 | D:1      | Reached XP level 2. HP: 20/20 MP: 5/7
   976 | D:2      | Reached skill level 4 in Conjurations
  1249 | D:2      | Reached XP level 3. HP: 26/26 MP: 5/9
  1252 | D:2      | Learned a level 2 spell: Searing Ray
  2467 | D:4      | Noticed an ogre
  2478 | D:3      | Reached XP level 4. HP: 30/33 MP: 4/11
  2654 | D:4      | Noticed Sigmund
  2947 | D:4      | Reached skill level 5 in Conjurations
  2947 | D:4      | Reached XP level 5. HP: 20/38 MP: 7/13
  3088 | D:4      | Killed an ogre
  3282 | D:4      | Killed Sigmund
  3283 | D:4      | Reached XP level 6. HP: 34/45 MP: 3/15
  3536 | D:4      | Reached skill level 6 in Conjurations
  4035 | D:5      | Entered Level 5 of the Dungeon
  4035 | D:5      | Noticed Menkaure
  4225 | D:5      | Reached XP level 7. HP: 41/50 MP: 12/17
  4369 | D:5      | Reached skill level 5 in Spellcasting
  4577 | D:5      | Killed Menkaure
  4578 | D:5      | Reached skill level 7 in Conjurations
  5064 | D:5      | Reached XP level 8. HP: 57/57 MP: 12/20
  5344 | D:5      | Noticed Pikel
  5396 | D:5      | Killed Pikel
  5397 | D:5      | Reached skill level 8 in Conjurations
  5697 | D:6      | Found a staircase to the Ecumenical Temple.
  6147 | D:6      | Found Unuhufirgh's Neck Hole.
  6184 | D:6      | Bought an amulet of magic regeneration for 420 gold pieces
  6403 | D:6      | Reached XP level 9. HP: 62/62 MP: 19/24
  6556 | D:7      | Reached skill level 9 in Conjurations
  6689 | D:7      | Noticed Joseph
  6745 | D:7      | HP: 2/62 [Joseph/sling bullet (5)]
  6746 | D:7      | Shot with a sling bullet by Joseph

Illustrated notes

Levels and vault maps discovered:
D:1:      tarquinn_simple_flora_water_f, layout_basic,
          ebering_ecumenical_altar_mist, moated_statue, nicolae_shop_vocational
D:2:      layout_rooms, minmay_rat_gold_closets
D:3:      layout_basic
D:4:      corexii_shack_village, layout_cave_pools, serial_glass,
          glass_columns_c, glass_columns_a, minmay_gold_behind_fungi,
          st_stairs_2, grunt_ministairs_13, uniq_sigmund
D:5:      layout_gridville, nicolae_overflow_crystal_walls, minivault_25,
          uniq_pikel, uniq_menkaure
D:6:      layout_rooms, kennysheep_mini, minmay_temple_entry_wispy,
          nicolae_lava_and_water, nicolae_shop_sticking_my_neck_out
D:7:      layout_gridville, kennysheep_mini_moat, uniq_joseph

Skill      XL: |  1  2  3  4  5  6  7  8  9 |
---------------+----------------------------+-----
Spellcasting   | 2 3 4 6 7 |  7.9
Conjurations   | 4 5 6 7 8 9 |  9.3
Dodging        | |  1.7
Stealth        | |  1.7

Action                     |  1- 3 |  4- 6 |  7- 9 || total
---------------------------+-------+-------+-------++-------
  Melee: Whip              |     1 |     3 |     1 ||     5
   Cast: Magic Dart        |    84 |    68 |    98 ||   250
         Searing Ray       |     1 |    17 |    49 ||    67
    Use: Scroll            |       |       |     5 ||     5
         Potion            |       |       |     4 ||     4
 Armour: Robe              |       |    12 |    17 ||    29
  Dodge: Dodged            |     9 |    14 |    53 ||    76

Table legend: (Time is in decaauts)
 A = Elapsed time spent in this place.
 B = Non-inter-level travel time spent in this place.
 C = Inter-level travel time spent in this place.
 D = Time resting spent in this place.
 E = Time spent auto-exploring this place.
 F = Levels seen in this place.
 G = Mean time per level.
                   A        B        C        D        E       F      G
               +--------+--------+--------+--------+--------+-----+--------+
         Total |   6752 |   6429 |    323 |    499 |   4964 |   7 |  964.6 |
       Dungeon |   6752 |   6429 |    323 |    499 |   4964 |   7 |  964.6 |
               +--------+--------+--------+--------+--------+-----+--------+

Top non-repeatable levels by time:
     D:4: 1660 daAuts
     D:5: 1300 daAuts
     D:3: 987 daAuts
     D:1: 903 daAuts
     D:6: 873 daAuts
     D:2: 801 daAuts
     D:7: 227 daAuts
